 Dungeon Crawl Stone Soup version 0.31-a0-466-g98c9adc2b6 (webtiles) character file.

Game seed: 16318934730801300938

491 MisterAzrael the Trooper (level 7, -3/52 HPs)
             Began as a Djinni Fire Elementalist on Aug 5, 2023.
             Killed by an exploding orc priest (4 damage)
             ... ignited by their inner flame
             ... on level 4 of the Dungeon.
             The game lasted 00:09:24 (4352 turns).

MisterAzrael the Trooper (Djinni Fire Elementalist) Turns: 4352, Time: 00:09:25

Health: -3/52      AC:  4    Str:  7    XL:     7   Next: 37%
Gold:   205        EV: 17    Int: 18    God:
                   SH:  0    Dex: 14

rFire   + + .        f - +3 quarterstaff (chaos)
rCold   x . .        (shield currently unavailable)
rNeg    . . .        g - +2 robe {Will+}
rPois   ∞            (no helmet)
rElec   .            (no cloak)
rCorr   .            (no gloves)
SInv    .            (boots unavailable)
Will    +....        (no amulet)
Stlth   ++           d - +5 ring of evasion
HPRegen 0.28/turn    (no ring)
MPRegen 0.00/turn

%: infuse magic (-4 HP)
@: flying
A: sickness immunity, fire resistance 2, cold vulnerability 1, float, innate
caster, HP casting, extra vitality 1
a: no special abilities


You were on level 4 of the Dungeon.
You visited 1 branch of the dungeon, and saw 4 of its levels.

You collected 205 gold pieces.

Inventory:

Hand Weapons
 b - a +0 glaive
 f - a +3 quarterstaff of chaos (weapon)
 j - a +0 lajatang
Armour
 a - a +0 robe
 g - a +2 robe of willpower (worn)
 k - the +0 robe "Put-Me-On" {rN+}
   (You took it off an orc on level 3 of the Dungeon)

   rN:        It protects you from negative energy.
Magical Staves
 e - a staff of earth
Jewellery
 d - a +5 ring of evasion (left hand)
Talismans
 i - a serpent talisman
Scrolls
 c - 3 scrolls of identify
 h - a scroll of amnesia {unknown}
 l - a scroll of immolation {unknown}
Potions
 m - a potion of berserk rage {unknown}


   Skills:
 * Level 4.2 Fighting
 - Level 0.3(1.3) Polearms
 + Level 2.3 Staves
 - Level 2.7 Dodging
 - Level 1.5 Stealth
 * Level 4.1 Spellcasting
 * Level 4.1 Conjurations
 * Level 4.1 Hexes
   Level 0.0 Charms
 * Level 4.1 Summonings
 * Level 4.1 Necromancy
 * Level 4.1 Translocations
 * Level 4.1 Transmutations
 * Level 4.1 Fire Magic
 * Level 4.1 Ice Magic
 * Level 4.1 Air Magic
 * Level 4.1 Earth Magic
 * Level 4.1 Poison Magic
 + Level 1.4 Shapeshifting


You knew the following spells:

 Your Spells              Type           Power      Damage    Failure   Level
a - Foxfire               Conj/Fire      72%        2x1d7     2%          1
b - Scorch                Fire           36%        2d6       4%          2
c - Volatile Blastmotes   Fire/Tloc      36%        2d13      8%          3
d - Inner Flame           Hex/Fire       18%        N/A       8%          3
e - Flame Wave            Conj/Fire      18%        2d7       26%         4
f - Slow                  Hex            72%        N/A       2%          1
g - Ensorcelled Hibernat  Hex/Ice        36%        N/A       4%          2
h - Swiftness             Air            18%        N/A       8%          3
Your spell library was empty.

Dungeon Overview and Level Annotations

Branches:
Dungeon (4/15)
 Temple: D:4-7

Altars:
Nemelex Xobeh
Xom


Innate Abilities, Weirdness & Mutations

You are immune to sickness and miasma.
You are immune to poison.
Your flesh is very heat resistant. (rF++)
You are vulnerable to cold. (rC-)
You float through the air rather than walking.
You learn spells naturally, not from books.
Your magical power is your life essence.
You have superior vitality. (+4 MHP)


Message History

Casting: Inner Flame (dangerous; 8% risk of failure)
Confirm with . or Enter, or press ? or * to list all spells.
Aiming: Ensorcelled Hibernation (safe; 4% risk of failure)
Press: ? - help, Shift-Dir - straight line, f/p - orc priest
Aim: an orc priest, wielding a +0 hand axe (heavily wounded, more vulnerable to fire, chance to affect: 50%)
The orc priest resists with significant effort.
The orc priest misses you. The iguana misses you.
Casting: Ensorcelled Hibernation (safe; 4% risk of failure)
Confirm with . or Enter, or press ? or * to list all spells.
Aiming: Ensorcelled Hibernation (safe; 4% risk of failure)
Press: ? - help, Shift-Dir - straight line, f/p - orc priest
Aim: an orc priest, wielding a +0 hand axe (heavily wounded, more vulnerable to fire, chance to affect: 50%)
The orc priest resists with significant effort.
The orc priest is no longer more vulnerable to fire.
The orc priest closely misses you. The iguana barely misses you.
Casting: Ensorcelled Hibernation (safe; 4% risk of failure)
Confirm with . or Enter, or press ? or * to list all spells.
Aiming: Inner Flame (dangerous; 8% risk of failure)
Press: ? - help, Dir - move target, f/p - orc priest
Aim: an orc priest, wielding a +0 hand axe (heavily wounded, chance to affect: 73%)
The orc priest is filled with an inner flame.
The orc priest barely misses you. The iguana barely misses you.
The iguana closely misses you.
The orc priest invokes the aid of Beogh against you.
Beogh smites you! The iguana misses you.
The orc priest attacks as you move away!
The orc priest hits you with a +0 hand axe.
* * * LOW HITPOINT WARNING * * *
The iguana bites you!
* * * LOW HITPOINT WARNING * * *
Casting: Inner Flame (dangerous; 8% risk of failure)
Confirm with . or Enter, or press ? or * to list all spells.
Flames lash the orc priest.
Flame seeps out of the orc priest.
The orc priest is almost dead.
The orc priest's fire resistance burns away.
* * * LOW HITPOINT WARNING * * *
The orc priest is engulfed in blazing flames.
The orc priest explodes!
The fiery explosion engulfs you. You resist.
You die...

.. .... ... ... #. #..#
#.# #$# # #.)
#..###.###.##### #
#..##....))........ #
.........).......
########........##..#
#.......≈≈≈≈≈≈≈.##..###.##
#.≈≈≈≈≈≈......≈.§l§......#
#.≈.....#####†≈.@○§......#
#.≈.####....#.≈.##..######
#.≈.#...≈≈≈.#.≈..####
#.≈.#.≈≈._≈.#.≈..+
#.≈.#.≈...≈.#.≈..#
.#.≈.#...#.≈.#.≈##
.#.≈.#_.##.≈.#.≈#
.#.≈.###...≈.#.≈. .#.≈...
≈≈≈≈.#.≈..


You could see an iguana.

Vanquished Creatures
  Sigmund (D:3)
  An ogre (D:3)
  An orc priest (D:4)
  Crazy Yiuf (D:3)
  An orc wizard (D:4)
  7 adders
  6 gnolls
  A worm (D:2)
  5 dart slugs
  4 orcs
  9 endoplasms
  3 giant cockroaches (D:2)
  7 goblins
  10 hobgoblins
  3 quokkas
  7 ball pythons
  2 bats (D:3)
  2 frilled lizards (D:3)
  A kobold (D:3)
  6 rats
78 creatures vanquished.

Vanquished Creatures (others)
  130 foxfires
130 creatures vanquished.

Grand Total: 208 creatures vanquished

Notes
Turn   | Place    | Note
-------+----------+-------------------------------------------
     0 | D:1      | MisterAzrael the Djinni Fire Elementalist began the quest
                  | for the Orb.
     0 | D:1      | MisterAzrael set off with the following spells memorised:
                  | Foxfire, Scorch, Volatile Blastmotes, Inner Flame, Flame
                  | Wave.
     0 | D:1      | Reached XP level 1. HP: 15/15 MP: 0/0
    93 | D:1      | Reached XP level 2. HP: 15/22 MP: 0/0
   241 | D:1      | Reached skill level 1 in Fighting
   727 | D:1      | Reached XP level 3. HP: 26/27 MP: 0/0
   727 | D:1      | Learned a level 1 spell: Slow
   747 | D:1      | Found a faded altar of an unknown god.
  1397 | D:2      | Reached XP level 4. HP: 10/33 MP: 0/0
  1893 | D:2      | Reached skill level 1 in Staves
  1893 | D:2      | Reached XP level 5. HP: 16/39 MP: 0/0
  1893 | D:2      | Learned a level 2 spell: Ensorcelled Hibernation
  2651 | D:3      | Identified the +0 robe "Put-Me-On" {rN+}
  3037 | D:3      | Noticed Sigmund
  3053 | D:3      | Killed Sigmund
  3054 | D:3      | Reached skill level 1 in Shapeshifting
  3054 | D:3      | Reached XP level 6. HP: 17/46 MP: 0/0
  3409 | D:3      | Found a runed translucent door.
  3410 | D:3      | Noticed Crazy Yiuf
  3724 | D:3      | Killed Crazy Yiuf
  3725 | D:3      | Reached XP level 7. HP: 12/51 MP: 0/0
  3725 | D:3      | Learned a level 3 spell: Swiftness
  4303 | D:4      | Found a shimmering altar of Xom.
  4306 | D:4      | Found a sparkling altar of Nemelex Xobeh.
  4352 | D:4      | Killed by an exploding orc priest... ignited by their inner
                  | flame

Illustrated notes

Levels and vault maps discovered:
D:1:      minmay_arrival_widening_spiral_wide, layout_loops_ring,
          shapermc_ecumenical_altar_rom_forum
D:2:      layout_rooms, minmay_pentomino_z2
D:3:      layout_loops_ring, kennysheep_generic_room_2, uniq_crazy_yiuf_cottage,
          uniq_sigmund
D:4:      layout_gridville, nicolae_overflow_squiral

Skill      XL: |  1  2  3  4  5  6  7 |
---------------+----------------------+-----
Spellcasting   | 4 |  4.1
Conjurations   | 4 |  4.1
Hexes          | 4 |  4.1
Summonings     | 4 |  4.1
Necromancy     | 4 |  4.1
Translocations | 4 |  4.1
Transmutations | 4 |  4.1
Fire Magic     | 4 |  4.1
Ice Magic      | 4 |  4.1
Air Magic      | 4 |  4.1
Earth Magic    | 4 |  4.1
Poison Magic   | 4 |  4.1
Fighting       | 1 2 3 4 |  4.2
Staves         | 1 2 |  2.3
Shapeshifting  | 1 |  1.4
Polearms       | |  0.3
Dodging        | |  2.7
Stealth        | |  1.5

Action                     |  1- 3 |  4- 6 |  7- 9 || total
---------------------------+-------+-------+-------++-------
  Melee: Glaive            |     3 |       |       ||     3
         Staff             |       |       |     2 ||     2
   Cast: Foxfire           |    35 |    37 |     3 ||    75
         Scorch            |     6 |    17 |     8 ||    31
         Inner Flame       |     2 |    31 |     8 ||    41
         Slow              |       |     3 |       ||     3
         Ensorcelled Hiber |       |     1 |     2 ||     3
         Swiftness         |       |       |     1 ||     1
    Use: Potion            |       |     1 |       ||     1
         Scroll            |       |     2 |       ||     2
 Armour: Robe              |     2 |     2 |     2 ||     6
  Dodge: Dodged            |    12 |     8 |    13 ||    33

Table legend: (Time is in decaauts)
 A = Elapsed time spent in this place.
 B = Non-inter-level travel time spent in this place.
 C = Inter-level travel time spent in this place.
 D = Time resting spent in this place.
 E = Time spent auto-exploring this place.
 F = Levels seen in this place.
 G = Mean time per level.
                   A        B        C        D        E       F      G
               +--------+--------+--------+--------+--------+-----+--------+
         Total |   4348 |   4122 |    226 |   1384 |   2194 |   4 | 1087.0 |
       Dungeon |   4348 |   4122 |    226 |   1384 |   2194 |   4 | 1087.0 |
               +--------+--------+--------+--------+--------+-----+--------+

Top non-repeatable levels by time:
     D:3: 1964 daAuts
     D:1: 1293 daAuts
     D:2: 986 daAuts
     D:4: 103 daAuts
